 Dungeon Crawl Stone Soup version 0.29-a0-565-g7a16c6de65 (webtiles) character file.

Game seed: 7593703644999005747

1082 Bruhh the Fighter (level 8, -1/92 HPs)
             Began as an Ogre Warper on June 12, 2022.
             Was an Initiate of Ashenzari.
             Slain by a mummy (17 damage)
             ... in an ossuary.
             The game lasted 00:09:17 (6999 turns).

Bruhh the Fighter (Ogre Warper)                     Turns: 6999, Time: 00:09:18

Health: -1/92      AC:  3    Str: 18    XL:     8   Next: 30%
Magic:  11/11      EV:  9    Int: 20    God:    Ashenzari [......]
Gold:   229        SH:  0    Dex:  8    Spells: 9/11 levels left

rFire   . . .      SeeInvis .   c - +0 giant club
rCold   . . .      Faith    .   (shield currently unavailable)
rNeg    . . .      Spirit   .   b - +0 robe of Supernal Understanding {Range, Melee} (curse)
rPois   .          Reflect  .   (helmet restricted)
rElec   .          Harm     .   A - +0 cloak
rCorr   .          Rampage  .   (gloves unavailable)
Will    .....                   (boots unavailable)
Stlth   +.........              s - amulet of regeneration
HPRegen 1.05/turn               m - +6 ring of intelligence
MPRegen 0.12/turn               (no ring)

@: unable to read
A: large, unfitting armour, tough skin 1, deformed body, inability to read while
threatened, sturdy frame 1
a: Renounce Religion, Shatter the Chains


You were in an ossuary.
You worshipped Ashenzari.
Ashenzari was noncommittal.
You visited 2 branches of the dungeon, and saw 7 of its levels.
You also visited: Ossuary.

You collected 229 gold pieces.

Inventory:

Hand Weapons
 a - a +0 mace
 c - a +0 giant club (weapon)
 h - a +0 flail
 D - the +2 whip of Iluetots {freeze, Will++}
   (You found it on level 5 of the Dungeon)

   It freezes those it strikes, dealing additional cold damage.
   It can also slow down cold-blooded creatures.
   Will:      It greatly increases your willpower.
Missiles
 d - 7 boomerangs of dispersal (quivered)
Armour
 b - the cursed +0 robe of Supernal Understanding (worn) {Range, Melee}

   It has a curse which improves the following skills: Ranged Combat: Slings,
   Bows, Crossbows and Throwing.
   Melee Combat: Short Blades, Long Blades, Axes, Maces & Flails, Polearms,
   Staves and Unarmed Combat.
 A - a +0 cloak (worn)
Jewellery
 m - a +6 ring of intelligence (left hand)
 n - a ring of resist corrosion
 s - an amulet of regeneration (around neck)
 y - an amulet of magic regeneration
Wands
 w - a wand of flame (17)
Scrolls
 f - a scroll of enchant armour {unknown}
 g - a scroll of brand weapon {unknown}
 k - a scroll of fear {unknown}
 l - a scroll of summoning {unknown}
 p - a scroll of teleportation
 q - a scroll of fog {unknown}
 t - a scroll of magic mapping {unknown}
 u - 2 scrolls of identify {unknown}
 z - a scroll of noise {unknown}
 C - a scroll of amnesia {unknown}
Potions
 e - a potion of curing
 j - a potion of invisibility
 v - a potion of haste


   Skills:
 + Level 9.2 Fighting
 + Level 6.3(6.8) Maces & Flails
 - Level 1.0(1.2) Throwing
 - Level 2.1 Dodging
 - Level 2.4 Spellcasting
 - Level 2.6 Translocations


You had 9 spell levels left.
You knew the following spells:

 Your Spells              Type           Power      Damage    Failure   Level
a - Blink                 Tloc           26%        N/A       8%          2

Your spell library contained the following spells:

 Spells                   Type           Power      Damage    Failure   Level
 Magic Dart               Conj           8%         1d3       16%         1
 Gell's Gravitas          Tloc           13%        N/A       16%         3
 Lesser Beckoning         Tloc           13%        N/A       16%         3
 Teleport Other           Tloc           13%        N/A       16%         3
 Searing Ray              Conj           4%         2d4       22%         2
 Dazzling Flash           Conj/Hex       4%         N/A       41%         3
 Iskenderun's Mystic Bla  Conj/Tloc      7%         2d4       65%         4
 Manifold Assault         Tloc           13%        N/A       80%         5
 Fulminant Prism          Conj/Hex       1%         3d6       83%         4
 Starburst                Conj/Fire      1%         6d3       100%        6


Dungeon Overview and Level Annotations

Branches:
Dungeon (6/15)             Temple (1/1) D:4         Ossuary (1/1)

Altars:
Ashenzari
Cheibriados
Dithmenos
Fedhas
Gozag
Makhleb
Qazlal
Ru
Sif Muna
Trog
Uskayaw
Vehumet
Wu Jian
Xom
Zin
The Shining One

Annotations:
D:6 2 runed translucent doors, emergency's ghost, novice MeGl


Innate Abilities, Weirdness & Mutations

You are too large for most types of armour.
You have tough skin. (AC +1)
Armour fits poorly on your strangely shaped body.
You sometimes lose the ability to read scrolls when taking damage.
Your movements are slightly less encumbered by armour. (ER -2)


Message History

It was a potion of brilliance.
You feel clever all of a sudden.
The water moccasin zombie bites you but does no damage.
It was a potion of cancellation.
Your magical effects are unravelling.
You feel magically purged.
You float gracefully downwards.
You feel a little less clever now.
The water moccasin zombie barely misses you.
It was a potion of magic.
Magic courses through your body.
The water moccasin zombie closely misses you. x2
You sock the water moccasin zombie!
The water moccasin zombie is lightly damaged.
The water moccasin zombie bites you.
You feel threatened and lose the ability to read scrolls!
* * * LOW HITPOINT WARNING * * *
You barely miss the water moccasin zombie.
The water moccasin zombie is lightly damaged.
The water moccasin zombie closely misses you.
The water moccasin zombie bites you.
* * * LOW HITPOINT WARNING * * *
You sock the water moccasin zombie!
The water moccasin zombie is heavily damaged.
The water moccasin zombie barely misses you.
You barely miss the water moccasin zombie.
The water moccasin zombie is heavily damaged.
The water moccasin zombie bites you but does no damage.
You sock the mummy!
The mummy is severely damaged.
You hit the mummy but do no damage.
The mummy is severely damaged.
You can read scrolls again.
You barely miss the mummy.
The mummy is severely damaged.
The mummy hits you!
You feel threatened and lose the ability to read scrolls!
* * * LOW HITPOINT WARNING * * *
You barely miss the mummy.
The mummy is severely damaged.
The mummy hits you!
You die...

..+ M.'
###≈#####
#..≈#..∩#
#≈≈≈≈.∩.#
#.≈≈#...#
####≈#####.####
#≈P'Z≈.........
####M#'#+#+#+#+
#@#.# #####


You could see a mummy and a water moccasin zombie.

Vanquished Creatures
  3 ogres (D:5)
  A phantom (D:6)
  A wyvern zombie (Ossuary)
  A scorpion (D:5)
  A necrophage (D:5)
  A water moccasin zombie (Ossuary)
  A howler monkey (D:6)
  A centaur zombie (Ossuary)
  A bullfrog zombie (Ossuary)
  3 mummies (Ossuary)
  5 iguanas
  An orc wizard (D:3)
  7 adders
  An ufetubus (D:5)
  2 worms
  3 dart slugs
  11 orcs
  4 endoplasms
  10 giant cockroaches
  10 hobgoblins
  11 jackals
  8 quokkas
  10 ball pythons
  6 bats
  7 frilled lizards
  7 goblins
  A kobold (D:4)
  3 rats
121 creatures vanquished.

Vanquished Creatures (others)
  4 withered plants (Ossuary)
4 creatures vanquished.

Grand Total: 125 creatures vanquished

Notes
Turn   | Place    | Note
-------+----------+-------------------------------------------
     0 | D:1      | Bruhh the Ogre Warper began the quest for the Orb.
     0 | D:1      | Reached XP level 1. HP: 22/22 MP: 3/3
    64 | D:1      | Reached skill level 3 in Fighting
    70 | D:1      | Reached XP level 2. HP: 20/31 MP: 5/5
   541 | D:1      | Reached XP level 3. HP: 39/39 MP: 6/6
   743 | D:1      | Reached skill level 4 in Fighting
  1026 | D:1      | Learned a level 2 spell: Blink
  1326 | D:2      | Identified the +3 whip of Indomitability {freeze, Dex+7}
  1378 | D:2      | Reached XP level 4. HP: 49/49 MP: 7/7
  1880 | D:3      | Reached skill level 5 in Fighting
  1885 | D:3      | Reached XP level 5. HP: 36/57 MP: 8/8
  3203 | D:4      | Found an opulent altar of Gozag.
  3277 | D:4      | HP: 1/57 [iguana (12)]
  4112 | D:4      | Found a hide-covered altar of Uskayaw.
  4319 | D:4      | Found a staircase to the Ecumenical Temple.
  4351 | Temple   | Entered the Ecumenical Temple
  4532 | Temple   | Became a worshipper of Ashenzari the Shackled
  4881 | D:5      | Entered Level 5 of the Dungeon
  5023 | D:5      | Reached skill level 6 in Fighting
  5023 | D:5      | Reached XP level 6. HP: 39/67 MP: 9/9
  5847 | D:5      | Reached skill level 7 in Fighting
  5849 | D:5      | Reached XP level 7. HP: 68/78 MP: 10/10
  5922 | D:5      | Found a sacrificial altar of Ru.
  6088 | D:5      | Reached skill level 5 in Maces & Flails
  6345 | D:5      | Reached skill level 8 in Fighting
  6397 | D:5      | Identified the +2 whip of Iluetots {freeze, Will++}
  6682 | D:6      | Found a shimmering altar of Xom.
  6749 | D:6      | Found a runed translucent door.
  6863 | D:6      | Found a runed translucent door.
  6864 | D:6      | Noticed emergency's ghost (novice MeGl)
  6905 | D:6      | Found a sand-covered staircase.
  6910 | Ossuary  | Entered an ossuary
  6921 | Ossuary  | Reached XP level 8. HP: 74/89 MP: 11/11
  6972 | Ossuary  | Reached skill level 9 in Fighting
  6985 | Ossuary  | Gained mutation: You sometimes lose the ability to read
                  | scrolls when taking damage. [potion of mutation]
  6985 | Ossuary  | Gained mutation: Your movements are slightly less
                  | encumbered by armour. (ER -2) [potion of mutation]
  6985 | Ossuary  | Gained mutation: Armour fits poorly on your strangely
                  | shaped body. [potion of mutation]
  6999 | Ossuary  | Slain by a mummy

Illustrated notes

Levels and vault maps discovered:
D:1:      amcnicky_arrival_wind_blow, layout_rooms, minmay_misc_feat_tiny,
          minmay_tetromino_i4
D:2:      layout_rooms, serial_rivers, chequers_serial_rivers_marsh,
          chequers_serial_rivers_room_a, chequers_serial_rivers_micro_c,
          chequers_serial_rivers_micro_b, minmay_misc_feat_columns,
          minivault_11, kennysheep_generic_room_13
D:3:      layout_basic
D:4:      cheibrodos_helix_gallery, layout_basic, overflow_temple_1_default,
          nicolae_uskayaw_suspiria, minmay_temple_entry_slanted,
          serial_bayou_crossing
D:5:      layout_layer_cave, nicolae_ru_awakened_eye
D:6:      layout_loops_corners, xom_butterflies, mainiacjoe_overflow_alcove_3,
          ebering_ghost_sewer_f, enter_ossuary_5,
          chequers_serial_rivers_small_a, uniq_blork_the_orc
Temple:   nicolae_temple_hex_pool
Ossuary:  ossuary_zaba_flooded

Skill      XL: |  1  2  3  4  5  6  7  8 |
---------------+-------------------------+-----
Fighting       | 3 4 5 6 7 8 9 |  9.2
Maces & Flails | 2 3 4 5 6 |  6.3
Throwing       | |  1.0
Dodging        | |  2.1
Spellcasting   | |  2.4
Translocations | |  2.6

Action                   |  1- 3 |  4- 6 |  7- 9 || total
-------------------------+-------+-------+-------++-------
Melee: Mace              |   136 |   118 |       ||   254
       Punch             |     1 |     1 |       ||     2
       Flail             |       |    64 |       ||    64
       Giant club        |       |    11 |   103 ||   114
Invok: Curse Item        |       |       |     1 ||     1
Evoke: Wand              |       |     5 |       ||     5
  Use: Potion            |       |     5 |     5 ||    10
       Scroll            |       |     1 |     3 ||     4
 Stab: Invisible         |       |     3 |       ||     3
Armor: Robe              |    60 |    51 |    38 ||   149
       Skin              |       |    10 |       ||    10
Dodge: Dodged            |    91 |    82 |    64 ||   237

Table legend: (Time is in decaauts)
 A = Elapsed time spent in this place.
 B = Non-inter-level travel time spent in this place.
 C = Inter-level travel time spent in this place.
 D = Time resting spent in this place.
 E = Time spent auto-exploring this place.
 F = Levels seen in this place.
 G = Mean time per level.
                   A        B        C        D        E       F      G
               +--------+--------+--------+--------+--------+-----+--------+
         Total |   7117 |   6960 |    157 |    567 |   5343 |   8 |  889.6 |
       Dungeon |   6820 |   6684 |    136 |    567 |   5159 |   6 | 1136.7 |
        Temple |    194 |    173 |     21 |      0 |    160 |   1 |  194.0 |
       Ossuary |    102 |    102 |      0 |      0 |     23 |   1 |  102.0 |
               +--------+--------+--------+--------+--------+-----+--------+

Top non-repeatable levels by time:
     D:4: 1832 daAuts
     D:5: 1504 daAuts
     D:3: 1336 daAuts
     D:1: 1054 daAuts
     D:2: 847 daAuts
     D:6: 243 daAuts
  Temple: 194 daAuts
 Ossuary: 102 daAuts
